General information
- name: BNet
- type: Ladder team game (AT/RT)
- host: Battle.net
- saver: AW_HELL_JIMMY
map: Friends
- players: 8
- length: 17:39
- speed: Fast
- version: 1.24 W3XP
- replay type: Public
» download(118 KB)
Players
team 1 (loser)
L.O.B.S.T.E.R. (
yellow | 48 APM | 339 actions | 07:03)
1 Tauren Chieftain
1 Shockwave
» actions
| Basic commands | 2 | |
| Build / train | 18 | |
| Enter build submenu | 9 | |
| Enter hero's abilities submenu | 1 | |
| Right click | 200 | |
| Select / deselect | 99 | |
| Use ability | 10 | |
339 total
» units
| Peon | 6 | |
| Troll Headhunter/Berserker | 4 | |
10 total
» upgrades
» buildings
| Altar of Storms | 1 | |
| Orc Burrow | 2 | |
| Barracks | 2 | |
| War Mill | 1 | |
| Watch Tower | 1 | |
| Stronghold | 1 | |
| Voodoo Lounge | 1 | |
| Fortress | 2 | |
11 total
» build order
00:09 Altar of Storms
00:12 Orc Burrow
00:36 Barracks
01:39 Orc Burrow
02:09 War Mill
02:20 Barracks
03:24 Watch Tower
04:13 Stronghold
04:46 Voodoo Lounge
06:58 Fortress
06:58 Fortress
BobbyKotick (
teal | 166 APM | 2889 actions | 17:21)
4 Archmage
2 Summon Water Elemental
2 Brilliance Aura
1 Tauren Chieftain
1 Endurance Aura
1 Shadow Hunter
1 Healing Wave
» actions
| Assign group hotkey | 151 | |
| Basic commands | 383 | |
| Build / train | 85 | |
| ESC pressed | 19 | |
| Enter build submenu | 44 | |
| Enter hero's abilities submenu | 6 | |
| Right click | 1077 | |
| Select / deselect | 508 | |
| Select group hotkey | 473 | |
| Use ability | 143 | |
2889 total
» units
| Peasant | 27 | |
| Footman | 7 | |
| Peon | 11 | |
| Sorceress | 4 | |
| Priest | 7 | |
| Dragonhawk Rider | 3 | |
59 total
» upgrades
| Masonry | 2 | |
| Sorceress Training | 1 | |
| Priest Training | 1 | |
| Magic Sentry | 1 | |
5 total
» buildings
| Lumber Mill | 2 | |
| Farm | 11 | |
| Barracks | 1 | |
| Altar of Kings | 1 | |
| Scout Tower | 13 | |
| Arcane Tower | 1 | |
| Keep | 3 | |
| Arcane Vault | 1 | |
| Gryphon Aviary | 2 | |
| Arcane Sanctum | 4 | |
| Watch Tower | 1 | |
| Guard Tower | 3 | |
| Spirit Lodge | 2 | |
| Stronghold | 3 | |
| Castle | 1 | |
49 total
» build order
00:26 Lumber Mill
00:36 Farm
00:50 Barracks
01:06 Altar of Kings
01:34 Scout Tower
01:37 Farm
02:02 Arcane Tower
02:26 Farm
02:32 Farm
03:01 Scout Tower
03:48 Keep
03:48 Keep
04:01 Scout Tower
04:52 Farm
04:55 Farm
06:01 Arcane Vault
06:32 Gryphon Aviary
06:33 Gryphon Aviary
07:21 Arcane Sanctum
07:22 Arcane Sanctum
07:22 Arcane Sanctum
07:47 Farm
08:13 Scout Tower
08:13 Scout Tower
08:14 Scout Tower
08:15 Scout Tower
08:30 Watch Tower
08:54 Guard Tower
12:10 Farm
12:10 Farm
12:22 Spirit Lodge
12:22 Spirit Lodge
12:32 Scout Tower
12:32 Scout Tower
12:33 Scout Tower
12:33 Scout Tower
12:54 Lumber Mill
13:20 Stronghold
13:21 Stronghold
13:25 Guard Tower
13:25 Guard Tower
13:36 Farm
13:37 Farm
15:54 Castle
16:59 Scout Tower
17:00 Scout Tower
» items
| Scroll of Town Portal | 1 | |
| Scroll of Regeneration | 1 | |
2 total

»
destindragon118 (
green | 16 APM | 120 actions | 07:20)
1 Shadow Hunter
1 Hex
» actions
| Build / train | 30 | |
| Enter build submenu | 11 | |
| Enter hero's abilities submenu | 1 | |
| Right click | 12 | |
| Select / deselect | 54 | |
| Use ability | 12 | |
120 total
» units
| Peon | 23 | |
| Troll Headhunter/Berserker | 3 | |
| Grunt | 2 | |
28 total
» buildings
| Altar of Storms | 1 | |
| Barracks | 2 | |
| War Mill | 1 | |
| Orc Burrow | 2 | |
| Watch Tower | 2 | |
8 total
» build order
00:42 Altar of Storms
00:48 Barracks
01:46 War Mill
02:18 Orc Burrow
04:17 Orc Burrow
05:19 Barracks
05:27 Watch Tower
05:44 Watch Tower

»
radaman (
red | 34 APM | 598 actions | 17:37)
2 Paladin
1 Holy Light
1 Devotion Aura
» actions
| Basic commands | 1 | |
| Build / train | 59 | |
| Enter build submenu | 32 | |
| Enter hero's abilities submenu | 2 | |
| Right click | 229 | |
| Select / deselect | 238 | |
| Use ability | 37 | |
598 total
» units
| Peasant | 11 | |
| Footman | 8 | |
| Rifleman | 4 | |
| Grunt | 6 | |
| Knight | 9 | |
| Peon | 4 | |
42 total
» upgrades
| Swords | 1 | |
| Long Rifles | 1 | |
| Animal War Training | 1 | |
| Berserker Strength | 1 | |
4 total
» buildings
| Farm | 8 | |
| Altar of Kings | 1 | |
| Barracks | 2 | |
| Lumber Mill | 1 | |
| Scout Tower | 8 | |
| Guard Tower | 6 | |
| Arcane Tower | 2 | |
| Blacksmith | 1 | |
| Keep | 1 | |
| Castle | 1 | |
| Orc Burrow | 6 | |
| Watch Tower | 2 | |
39 total
» build order
00:27 Farm
00:40 Altar of Kings
00:57 Barracks
01:12 Farm
01:22 Lumber Mill
01:55 Scout Tower
02:22 Farm
02:37 Scout Tower
02:40 Guard Tower
03:01 Scout Tower
03:10 Barracks
03:12 Arcane Tower
03:25 Scout Tower
03:38 Arcane Tower
03:43 Farm
03:55 Farm
04:00 Guard Tower
04:21 Blacksmith
04:54 Farm
05:36 Farm
05:43 Keep
06:48 Scout Tower
06:56 Farm
08:15 Scout Tower
08:18 Guard Tower
08:26 Castle
09:24 Orc Burrow
09:26 Orc Burrow
09:28 Orc Burrow
10:07 Orc Burrow
10:11 Orc Burrow
11:39 Watch Tower
11:48 Watch Tower
12:04 Orc Burrow
13:50 Guard Tower
14:46 Scout Tower
14:54 Scout Tower
15:23 Guard Tower
15:30 Guard Tower
team 2 (winner)

»
VolksFagen (
purple | 32 APM | 570 actions | 17:38)
4 Death Knight
1 Death Coil
2 Unholy Aura
1 Death Pact
1 Goblin Alchemist
1 Healing Spray
» actions
| Basic commands | 42 | |
| Build / train | 41 | |
| Enter build submenu | 13 | |
| Enter hero's abilities submenu | 5 | |
| Right click | 215 | |
| Select / deselect | 234 | |
| Use ability | 20 | |
570 total
» units
| Acolyte | 3 | |
| Ghoul | 7 | |
| Crypt Fiend | 15 | |
25 total
» upgrades
| Unholy Strength | 1 | |
| Creature Attack | 2 | |
| Unholy Armor | 1 | |
| Creature Carapace | 1 | |
| Web | 1 | |
6 total
» buildings
| Altar of Darkness | 1 | |
| Ziggurat | 5 | |
| Crypt | 2 | |
| Graveyard | 1 | |
| Spirit Tower | 2 | |
| Halls of the Dead | 1 | |
| Tomb of Relics | 1 | |
13 total
» build order
00:13 Altar of Darkness
00:16 Ziggurat
00:27 Crypt
01:17 Graveyard
02:16 Crypt
02:59 Ziggurat
03:39 Ziggurat
10:02 Ziggurat
10:11 Spirit Tower
12:14 Spirit Tower
12:29 Halls of the Dead
14:12 Tomb of Relics
14:16 Ziggurat

»
AW_HELL_JIMMY (
orange | 52 APM | 921 actions | 17:39)
4 Pandaren Brewmaster
2 Breath of Fire
2 Drunken Haze
2 Crypt Lord
1 Impale
1 Spiked Carapace
» actions
| Assign group hotkey | 22 | |
| Basic commands | 106 | |
| Build / train | 54 | |
| Enter build submenu | 17 | |
| Enter hero's abilities submenu | 6 | |
| Give item / drop item | 1 | |
| Right click | 283 | |
| Select / deselect | 183 | |
| Select group hotkey | 196 | |
| Use ability | 53 | |
921 total
» units
| Acolyte | 3 | |
| Ghoul | 4 | |
| Crypt Fiend | 10 | |
| Frost Wyrm | 2 | |
19 total
» upgrades
| Burrow | 1 | |
| Web | 1 | |
| Freezing Breath | 1 | |
| Creature Carapace | 1 | |
4 total
» buildings
| Crypt | 1 | |
| Graveyard | 1 | |
| Altar of Darkness | 2 | |
| Ziggurat | 6 | |
| Tomb of Relics | 1 | |
| Nerubian Tower | 4 | |
| Spirit Tower | 2 | |
| Halls of the Dead | 1 | |
| Sacrificial Pit | 1 | |
| Black Citadel | 1 | |
| Boneyard | 1 | |
21 total
» build order
00:35 Crypt
00:38 Graveyard
01:26 Altar of Darkness
01:28 Altar of Darkness
01:29 Ziggurat
01:38 Tomb of Relics
02:51 Nerubian Tower
02:52 Nerubian Tower
02:55 Ziggurat
03:01 Ziggurat
04:10 Spirit Tower
06:12 Halls of the Dead
06:13 Nerubian Tower
06:40 Ziggurat
08:06 Spirit Tower
08:36 Sacrificial Pit
09:24 Black Citadel
11:49 Boneyard
12:28 Ziggurat
12:31 Ziggurat
13:33 Nerubian Tower
» items
| Rod of Necromancy | 1 | |
| Dust of Appearance | 1 | |
| Potion of Healing | 5 | |
| Potion of Mana | 4 | |
| Orb of Corruption | 2 | |
| Scroll of Town Portal | 1 | |
14 total
BigMoM23 (
blue | 36 APM | 630 actions | 17:38)
3 Archmage
1 Blizzard
2 Summon Water Elemental
» actions
| Basic commands | 26 | |
| Build / train | 42 | |
| Enter build submenu | 20 | |
| Enter hero's abilities submenu | 3 | |
| Right click | 334 | |
| Select / deselect | 175 | |
| Use ability | 30 | |
630 total
» units
» upgrades
| Defend | 1 | |
| Swords | 3 | |
| Plating | 2 | |
| Animal War Training | 1 | |
7 total
» buildings
| Altar of Kings | 1 | |
| Barracks | 2 | |
| Farm | 13 | |
| Keep | 1 | |
| Lumber Mill | 1 | |
| Blacksmith | 1 | |
| Castle | 1 | |
20 total
» build order
00:12 Altar of Kings
00:16 Barracks
00:58 Farm
01:36 Farm
02:16 Farm
02:59 Farm
03:43 Farm
04:59 Keep
07:30 Lumber Mill
07:42 Blacksmith
07:57 Castle
08:18 Farm
08:56 Farm
09:34 Farm
10:35 Farm
12:22 Barracks
14:13 Farm
15:06 Farm
15:54 Farm
16:34 Farm
Radical. (
pink | 36 APM | 637 actions | 17:38)
2 Paladin
1 Divine Shield
1 Holy Light
1 Mountain King
1 Bash
1 Archmage
1 Brilliance Aura
» actions
| Build / train | 40 | |
| Enter build submenu | 17 | |
| Enter hero's abilities submenu | 4 | |
| Give item / drop item | 2 | |
| Right click | 256 | |
| Select / deselect | 276 | |
| Use ability | 42 | |
637 total
» units
» upgrades
| Lumber Harvesting | 2 | |
| Gunpowder | 3 | |
| Armor | 4 | |
| Magic Sentry | 1 | |
| Backpack | 1 | |
| Fragmentation Shards | 1 | |
| Flare | 1 | |
13 total
» buildings
| Altar of Kings | 1 | |
| Farm | 10 | |
| Lumber Mill | 2 | |
| Keep | 1 | |
| Blacksmith | 1 | |
| Arcane Vault | 1 | |
| Barracks | 1 | |
| Castle | 1 | |
| Workshop | 2 | |
| Arcane Sanctum | 1 | |
21 total
» build order
00:27 Altar of Kings
00:39 Farm
00:40 Farm
01:40 Farm
01:51 Lumber Mill
02:19 Farm
02:35 Lumber Mill
03:01 Keep
03:04 Blacksmith
03:11 Arcane Vault
04:24 Barracks
05:41 Castle
06:43 Workshop
06:50 Arcane Sanctum
07:46 Workshop
08:54 Farm
08:55 Farm
08:56 Farm
08:58 Farm
09:00 Farm
09:01 Farm
» items
Chat log
(00:17 / All) AW_HELL_JIMMY:
(00:19 / All) BobbyKotick: You're all bad.
(00:19 / Allies) BigMoM23: guys
(00:20 / Allies) BigMoM23: rush
(00:21 / All) BobbyKotick: AW HELL JIMMY
(00:28 / All) AW_HELL_JIMMY: And I thought we was gonna play poker with them
(00:46 / Allies) BigMoM23: guys
(00:48 / Allies) BigMoM23: rushhh
(00:58 / All) BobbyKotick: Guys I am Rank 1 in my Bronze League on Starcraft II.
(01:00 / All) BobbyKotick: You gonna get owned.
(01:22 / Allies) AW_HELL_JIMMY: it's funny because he's actually rank 1 diamond in his league
(01:48 / All) AW_HELL_JIMMY: i'm a little surprised that name wasn't taken
(01:50 / All) BobbyKotick: By the way, I am the C.E.O. of Activision-Blizzard.
(01:53 / All) BobbyKotick: Every click now costs one cent.
(01:58 / All) BobbyKotick: Have to pay for the server somehow.
(02:06 / All) BobbyKotick: Yeah, dunno how that happened.
(02:09 / All) AW_HELL_JIMMY: lolol
(02:12 / All) AW_HELL_JIMMY: "macro-transactions"
(02:17 / All) BobbyKotick: Hahaha.
(02:22 / Allies) BigMoM23: guys
(02:23 / Allies) BigMoM23: rush
(02:48 / All) BobbyKotick: GET OUT OF MY BASE OR I REPORT YOU
(03:09 / Allies) BigMoM23: guys
(03:09 / Allies) BigMoM23: rush
(03:12 / Allies) BigMoM23: they have no units
(03:33 / Allies) VolksFagen: ya i am rusty
(03:40 / Allies) AW_HELL_JIMMY: lol
(03:42 / Allies) AW_HELL_JIMMY: yeah
(03:51 / Allies) AW_HELL_JIMMY: it will take time to get back to your 48% skill levle
(03:54 / All) BobbyKotick: Paladin rushing.
(03:57 / All) BobbyKotick: I don't deserve this.
(04:05 / All) AW_HELL_JIMMY: I'll put it, on your tab!
(04:21 / All) BobbyKotick: I REPORT UUUUU
(04:28 / All) AW_HELL_JIMMY: Prepare to get thrashed!
(04:54 / Allies) BigMoM23: fuck it
(04:55 / Allies) BigMoM23: kill em
(05:01 / All) BobbyKotick: Coming...
(05:05 / All) AW_HELL_JIMMY: LOL
(05:07 / All) AW_HELL_JIMMY: green has like 10
(05:08 / All) AW_HELL_JIMMY: peons on gold
(05:48 / All) AW_HELL_JIMMY: green is pro
(06:21 / Allies) AW_HELL_JIMMY: i think you should leave the premises
(06:23 / Allies) AW_HELL_JIMMY: to prevent feeding
(06:53 / Allies) BigMoM23: told u guys to rush
(06:55 / Allies) BigMoM23: damn
(06:57 / Allies) BigMoM23: thnx alot
(07:07 / Allies) AW_HELL_JIMMY: ahahh
(07:08 / Allies) BigMoM23: i was like the only one with units
(07:11 / All) BobbyKotick: I feel like Steve Austin circa 2001.
(07:14 / All) BobbyKotick: "WAH I DONT DESERVE THISSSSS"
(07:17 / Allies) AW_HELL_JIMMY: and i told you to back out
(07:19 / Allies) BigMoM23: guys
(07:23 / Allies) BigMoM23: gootta be serious
(07:26 / All) AW_HELL_JIMMY: YES BLUE
(07:31 / All) AW_HELL_JIMMY: WE "GOOTTA BE SERIOUS"
(07:36 / All) BobbyKotick: lol
(07:37 / All) BobbyKotick: Shut up, blue.
(07:48 / All) AW_HELL_JIMMY: he's basically saying he's the only one ont hsi team who knows how to play
(07:54 / All) BobbyKotick: Blue, shut up.
(07:55 / All) BobbyKotick: You're bad.
(07:57 / All) AW_HELL_JIMMY: despite feeding you guys everything he had
(08:20 / All) AW_HELL_JIMMY: This will be Grizzly!
(08:31 / Allies) BigMoM23: red
(09:58 / All) AW_HELL_JIMMY: this is the kind of high level play we would have liked to see in starcraft 2
(09:59 / All) BobbyKotick: I'm pretty sure green's APM was zero.
(10:00 / All) AW_HELL_JIMMY: unfortunately, it sucks
(10:13 / All) BobbyKotick: STFU AND DIE
(10:17 / All) BobbyKotick: DIAMOND LEAGUE NOOOOB
(10:28 / All) AW_HELL_JIMMY: im in mithril league actually
(10:30 / All) AW_HELL_JIMMY: gg
(10:37 / All) AW_HELL_JIMMY: n0000000000b
(11:02 / All) BobbyKotick: If I find out where your WoW characters live you're fuckin owned.
(11:28 / All) BobbyKotick: And blue, you're fucking garbage.
(11:30 / All) BobbyKotick: There's no debating this.
(11:40 / All) AW_HELL_JIMMY: 1
(11:44 / Allies) BigMoM23: counter
(11:57 / Allies) BigMoM23: ok
(11:58 / Allies) BigMoM23: oj
(11:59 / Allies) BigMoM23: come
(11:59 / Allies) BigMoM23: pls
(12:00 / Allies) AW_HELL_JIMMY: k
(12:00 / All) BobbyKotick: I PUT MY HAND UP ON MY HERP
(12:04 / All) BobbyKotick: WHEN I DERP YOU DERP WE DERP
(12:12 / All) AW_HELL_JIMMY: By nerub!
(13:05 / All) BobbyKotick: What button puts my Tanks into Siege Mode?
(13:14 / All) AW_HELL_JIMMY: Alt-QQ does it
(13:20 / Allies) Radical.: thx
(14:11 / Allies) AW_HELL_JIMMY: fight these
(14:24 / Allies) AW_HELL_JIMMY: stop fighting buildings
(14:26 / Allies) AW_HELL_JIMMY: fight things that shoot
(15:00 / All) BobbyKotick: YOU CANT SEE ME
(15:02 / All) BobbyKotick: IM BOBBY KOTICK
(15:04 / All) BobbyKotick: DROPPIN DIMES
(15:06 / All) BobbyKotick: MONETIZIN CRIMES
(15:10 / All) AW_HELL_JIMMY: Oh good job Bobby Kotick, Lead designer of Battle.net 2.0
(15:32 / Allies) AW_HELL_JIMMY: kill this too
(15:47 / Allies) BigMoM23: pink back
(15:54 / All) VolksFagen: READY TO BREW
(16:00 / All) BobbyKotick: Okay, this game is over.
(16:03 / All) BobbyKotick: Would you fucking kill us already?
(16:16 / All) AW_HELL_JIMMY: hoooooh
(16:18 / All) AW_HELL_JIMMY: Gladly!
(16:41 / All) AW_HELL_JIMMY: I'll consume the living, and the dead!
(17:07 / All) BobbyKotick: Yeah, this is over.
(17:07 / All) BobbyKotick: lol
(17:10 / All) AW_HELL_JIMMY: GG
(17:13 / All) BobbyKotick: I gotta go check in and see if my friend got back.
(17:14 / All) BobbyKotick: GGs.
(17:17 / All) BobbyKotick: Have fun.